 Dungeon Crawl Stone Soup version 0.29-a0-322-g68df515428 (webtiles) character file.

Game seed: 4242135069782077926

5940 kae the Zephyrmancer (level 10, 0/105 HPs)
             Began as an Ogre Air Elementalist on Apr 9, 2022.
             Was an Initiate of Gozag.
             Slain by a gargoyle
             ... wielding a +0 mace
              (15 damage)
             ... on level 9 of the Dungeon.
             The game lasted 00:09:23 (15710 turns).

kae the Zephyrmancer (Ogre Air Elementalist)       Turns: 15710, Time: 00:09:23

Health: 0/105      AC:  8    Str: 14    XL:     10   Next: 83%
Magic:  21/21      EV: 11    Int: 20    God:    Gozag
Gold:   2242       SH:  5    Dex:  9    Spells: 13/23 levels left

rFire   . . .      SeeInvis .   o - +3 whip (drain)
rCold   . . .      Faith    .   (no shield)
rNeg    + . .      Spirit   .   f - +0 steam dragon scales
rPois   .          Reflect  +   y - +1 hat
rElec   .          Harm     .   g - +0 cloak
rCorr   .          Rampage  .   (gloves unavailable)
Will    +....                   (boots unavailable)
Stlth   +.........              e - amulet of reflection
HPRegen 0.27/turn               v - ring of flight
MPRegen 0.17/turn               w - ring of positive energy

@: on berserk cooldown, flying, slowed, very slow
A: large, unfitting armour, tough skin 1
a: Renounce Religion, Potion Petition, Call Merchant, Bribe Branch


You were on level 9 of the Dungeon.
You worshipped Gozag.
Gozag was most pleased with you.
You visited 2 branches of the dungeon, and saw 10 of its levels.

You collected 2316 gold pieces.
You paid 74 gold pieces to Gozag.

Inventory:

Hand Weapons
 o - a +3 whip of draining (weapon)
Missiles
 q - 2 throwing nets
Armour
 f - +0 steam dragon scales (worn)
 g - a +0 cloak (worn)
 y - a +1 hat (worn)
Jewellery
 e - an amulet of reflection (around neck)
 j - an amulet of the acrobat
 p - a +6 ring of dexterity
 v - a ring of flight (left hand)
 w - a ring of positive energy (right hand)
 C - a ring of magical power
Wands
 a - a wand of paralysis (3)
 h - a wand of flame (25)
 l - a wand of polymorph (12)
 x - a wand of digging (7)
Scrolls
 b - 4 scrolls of identify
 c - a scroll of amnesia
 d - a scroll of fear
 s - 2 scrolls of teleportation
 t - 3 scrolls of enchant armour
 D - a scroll of holy word {unknown}
Potions
 i - 2 potions of lignification
 k - 4 potions of flight
 m - a potion of haste
 n - a potion of heal wounds
 r - 3 potions of curing
 u - a potion of might
 z - a potion of invisibility
 A - a potion of mutation


   Skills:
 + Level 8.3 Fighting
 + Level 6.1 Dodging
 - Level 1.4 Stealth
 + Level 7.4 Spellcasting
 + Level 6.0 Conjurations
 * Level 9.1 Air Magic


You had 13 spell levels left.
You knew the following spells:

 Your Spells              Type           Power      Damage    Failure   Level
a - Shock                 Conj/Air       100%       1d9       1%          1
b - Static Discharge      Conj/Air       37%        N/A       1%          2
c - Swiftness             Air            43%        N/A       1%          3
d - Airstrike             Air            21%        N/A       2%          4

Your spell library contained the following spells:

 Spells                   Type           Power      Damage    Failure   Level
 Corpse Rot               Necr/Air       50%        N/A       2%          2
 Poisonous Vapours        Pois/Air       50%        N/A       2%          2
 Conjure Flame            Conj/Fire      19%        6-21      8%          3
 Dazzling Flash           Conj/Hex       38%        N/A       8%          3
 Ignite Poison            Fire/Tmut/Pois 7%         N/A       26%         3
 Iskenderun's Mystic Bla  Conj/Tloc      19%        2d6       26%         4
 Sticky Flame             Conj/Fire      19%        2d4       26%         4
 Starburst                Conj/Fire      9%         6d5       99%         6


Dungeon Overview and Level Annotations

Branches:
Dungeon (9/15)             Temple (1/1) D:5
   Lair: D:8-11         Orc: D:9-12

Altars:
Ashenzari
Cheibriados
Dithmenos
Elyvilon
Fedhas
Gozag
Makhleb
Nemelex Xobeh
Okawaru
Qazlal
Ru
Sif Muna
Uskayaw
Vehumet
Wu Jian
Xom
Yredelemnul
Zin
The Shining One

Shops:
D:5 =


Innate Abilities, Weirdness & Mutations

You are too large for most types of armour.
You have tough skin. (AC +1)


Message History

You hit the gargoyle but do no damage.
The gargoyle is moderately damaged.
The gargoyle hits you with a +0 mace!!
You hit the gargoyle.
The gargoyle is moderately damaged.
The gargoyle hits you with a +0 mace!!
You whack the gargoyle!
The gargoyle is heavily damaged.
You whack the gargoyle!
The gargoyle is almost destroyed.
The gargoyle hurls a stone arrow at you.
The stone arrow misses you.
You hit the gargoyle but do no damage.
The gargoyle is almost destroyed.
You block the gargoyle's attack.
You hit the gargoyle but do no damage.
The gargoyle is almost destroyed.
You hit the gargoyle.
The gargoyle is almost destroyed.
You are no longer berserk.
You are exhausted.
You feel yourself slow down. The gargoyle hits you with a +0 mace!
You hit the gargoyle but do no damage.
The gargoyle is almost destroyed.
The gargoyle hits you with a +0 mace!
* * * LOW HITPOINT WARNING * * *
The gargoyle hurls a stone arrow at you.
The stone arrow reflects off an invisible shield around you!
The stone arrow hits the gargoyle.
You hit the gargoyle but do no damage.
The gargoyle is almost destroyed.
The gargoyle hurls a stone arrow at you.
The stone arrow misses you.
You barely miss the gargoyle.
The gargoyle is almost destroyed.
The gargoyle hits you with a +0 mace!
* * * LOW HITPOINT WARNING * * *
The gargoyle hits you with a +0 mace!
You die...
Your body crumbles into a pile of gold.

#8...8###...........
##...##8#.....######
#+.....'###....# #
#.......#8#....# #
#+.......'##....# #
#....8....##....# #
#+.......)##....# #
#.......#)#....# #
#+..@..'###....# #
##9.'##8# #?###8###
## ##


You could see a gargoyle.

Vanquished Creatures
  A two-headed ogre (D:8)
  Maurice (D:8)
  A gargoyle (D:9)
  A hornet (D:7)
  2 yaks
  A wyvern (D:8)
  3 steam dragons
  A water moccasin (D:6)
  4 ice beasts
  3 orc warriors
  3 black bears
  2 ogres
  A phantom (D:7)
  2 centaurs (D:6)
  A kobold brigand (D:9)
  A bullfrog (D:9)
  A necrophage (D:7)
  A gnoll sergeant (D:8)
  A scorpion (D:5)
  6 wights (D:7)
  5 killer bees (D:7)
  5 howler monkeys
  5 jellies
  9 hounds
  4 orc priests
  A gnoll shaman (D:3)
  5 iguanas
  4 orc wizards
  19 gnolls
  8 adders
  10 river rats (D:5)
  2 white imps
  2 worms
  A dart slug (D:1)
  15 orcs
  5 bats
  5 endoplasms
  20 giant cockroaches
  9 goblins
  4 hobgoblins
  8 jackals
  11 quokkas
  6 ball pythons
  3 frilled lizards
  11 kobolds
  16 rats
230 creatures vanquished.

Notes
Turn   | Place    | Note
-------+----------+-------------------------------------------
     0 | D:1      | kae the Ogre Air Elementalist began the quest for the Orb.
     0 | D:1      | Reached XP level 1. HP: 16/16 MP: 3/3
   151 | D:1      | Reached skill level 1 in Conjurations
   373 | D:1      | Reached XP level 2. HP: 26/26 MP: 3/5
   416 | D:1      | HP: 1/26 [jackal (2)]
   418 | D:1      | Reached skill level 1 in Fighting
   418 | D:1      | Reached skill level 3 in Air Magic
   638 | D:1      | HP: 1/25 [goblin/+1 hand axe of draining (6)]
   955 | D:1      | Reached XP level 3. HP: 31/32 MP: 7/7
  1916 | D:1      | Learned a level 2 spell: Static Discharge
  1920 | D:1      | Learned a level 3 spell: Swiftness
  1926 | D:2      | Reached XP level 4. HP: 38/41 MP: 8/8
  3331 | D:3      | HP: 1/42 [gnoll/+0 spear (4)]
  3888 | D:3      | Reached XP level 5. HP: 43/49 MP: 0/9
  4344 | D:3      | Found a faded altar of an unknown god.
  4568 | D:3      | Noticed a black bear
  4606 | D:3      | Killed a black bear
  4607 | D:3      | Reached skill level 4 in Air Magic
  4607 | D:3      | Reached XP level 6. HP: 46/59 MP: 2/11
  5586 | D:4      | Reached XP level 7. HP: 62/67 MP: 5/12
  6066 | D:4      | Reached skill level 5 in Air Magic
  6508 | D:5      | Entered Level 5 of the Dungeon
  6508 | D:5      | Noticed a steam dragon
  6508 | D:5      | Found Lujuoran's Jewellery Emporium.
  6522 | D:5      | Killed a steam dragon
  6806 | D:5      | Found a staircase to the Ecumenical Temple.
  6930 | D:5      | Reached XP level 8. HP: 37/79 MP: 2/14
  6948 | Temple   | Entered the Ecumenical Temple
  7347 | Temple   | Became a worshipper of Gozag Ym Sagoz the Greedy
  8372 | D:5      | Reached skill level 5 in Fighting
  8372 | D:5      | Reached skill level 5 in Spellcasting
  8372 | D:5      | Reached skill level 6 in Air Magic
  9058 | D:6      | Learned a level 4 spell: Airstrike
  9801 | D:6      | Reached XP level 9. HP: 89/89 MP: 3/17
 10161 | D:6      | Reached skill level 7 in Air Magic
 10783 | D:6      | Identified a scroll of acquirement
 10783 | D:6      | Acquired 988 gold pieces
 11732 | D:7      | Reached skill level 5 in Dodging
 12239 | D:7      | Reached skill level 5 in Conjurations
 12546 | D:7      | Reached XP level 10. HP: 102/102 MP: 10/19
 12619 | D:7      | Reached skill level 8 in Air Magic
 13788 | D:7      | Paralysed by a hornet for 2 turns
 14223 | D:8      | Noticed Maurice
 14424 | D:8      | Noticed a two-headed ogre
 14428 | D:8      | Killed a two-headed ogre
 14619 | D:8      | Killed Maurice
 15241 | D:9      | Reached skill level 9 in Air Magic
 15395 | D:9      | Noticed a gargoyle
 15415 | D:9      | Killed a gargoyle
 15690 | D:9      | Noticed a gargoyle
 15710 | D:9      | Slain by a gargoyle

Illustrated notes

Levels and vault maps discovered:
D:1:      saegor_arrival_simple_a, layout_rooms, minmay_misc_feat_more_columns,
          st_stairs_14, minmay_heptomino_w4
D:2:      layout_rooms
D:3:      minmay_roachtagon, layout_loops_ring,
          dilly_ecumenical_altar_fadedgnrine
D:4:      layout_basic
D:5:      lemuel_ratsnest, layout_loops_ring, minmay_temple_entry_arrows,
          kennysheep_another_room, grunt_ministairs_1, nrook_loot_triangle,
          columned_hall_lemuel, minmay_shop_enchanted_jewellery
D:6:      minmay_clustersquares, layout_rooms
D:7:      layout_loops_corners
D:8:      layout_cave_pods, minivault_19, uniq_maurice
D:9:      cheibrodos_statue_roulette, layout_irregular_city,
          chequers_temple_overflow_statue_of_worship, nzn_sisyphean_effort
Temple:   mainiacjoe_temple_bowtie_tessellation

Skill      XL: |  1  2  3  4  5  6  7  8  9 10 |
---------------+-------------------------------+-----
Conjurations   | 1 2 3 4 5 6 |  6.0
Dodging        | 2 3 4 5 6 |  6.1
Fighting       | 1 2 3 4 5 7 8 |  8.3
Air Magic      | 3 4 5 6 7 9 |  9.1
Spellcasting   | 3 4 5 6 7 |  7.4
Stealth        | |  1.4

Action                   |  1- 3 |  4- 6 |  7- 9 | 10-12 || total
-------------------------+-------+-------+-------+-------++-------
Melee: Unarmed           |    41 |       |       |       ||    41
       Dagger            |     6 |       |       |       ||     6
       Hand axe          |    23 |    34 |       |       ||    57
       Whip              |       |    97 |   138 |    56 ||   291
       Punch             |       |     1 |       |     2 ||     3
 Cast: Shock             |    53 |    23 |    49 |     1 ||   126
       Static Discharge  |       |    38 |    59 |    16 ||   113
       Airstrike         |       |       |    54 |    44 ||    98
       Swiftness         |       |       |     2 |       ||     2
  Use: Potion            |     1 |     1 |     1 |     4 ||     7
       Scroll            |       |    10 |     8 |     3 ||    21
 Stab: Sleeping          |       |     2 |     2 |       ||     4
       Distracted        |       |       |     2 |       ||     2
Armor: Robe              |    37 |    75 |     9 |       ||   121
       Skin              |       |       |    19 |       ||    19
       Steam dragon scal |       |       |    59 |    17 ||    76
Dodge: Dodged            |    81 |   115 |   116 |    36 ||   348
Block: Other             |     7 |    48 |    52 |    14 ||   121
       Reflection        |       |     4 |     1 |     3 ||     8

Table legend: (Time is in decaauts)
 A = Elapsed time spent in this place.
 B = Non-inter-level travel time spent in this place.
 C = Inter-level travel time spent in this place.
 D = Time resting spent in this place.
 E = Time spent auto-exploring this place.
 F = Levels seen in this place.
 G = Mean time per level.
                   A        B        C        D        E       F      G
               +--------+--------+--------+--------+--------+-----+--------+
         Total |  15777 |  15364 |    413 |   3955 |   9500 |  10 | 1577.7 |
       Dungeon |  15368 |  14986 |    382 |   3955 |   9133 |   9 | 1707.6 |
        Temple |    409 |    378 |     31 |      0 |    367 |   1 |  409.0 |
               +--------+--------+--------+--------+--------+-----+--------+

Top non-repeatable levels by time:
     D:7: 2754 daAuts
     D:5: 2124 daAuts
     D:6: 1991 daAuts
     D:1: 1911 daAuts
     D:3: 1858 daAuts
     D:4: 1473 daAuts
     D:2: 1316 daAuts
     D:8: 1285 daAuts
     D:9: 652 daAuts
  Temple: 409 daAuts
